Map: Abyssal Reef LE

Players

Nathanias

  • Race: Terran Terran
  • League: Master
  • Spawn Location: 11:00

FinalFury

  • Race: Zerg Zerg
  • League: Master
  • Spawn Location: 5:00

VOD

Have the link to the VOD?

Description

Time

  • Played on: Jan. 19, 2017, 6:22 p.m.
  • Length: 34:22
Show
View Real Time Build Order
Export as new Build Order

Nathanias Terran 

Build Orders: MMM Bio 

Get SALT Encoding   

  1  0:00  Orbital Command, SCV x12  
    0:13  SCV  
  13  0:25  SCV  
  14  0:30  Supply Depot  
  14  0:37  SCV  
  15  0:44  Refinery  
  15  0:52  SCV  
  16  1:00  Barracks  
  16  1:04  SCV  
  17  1:16  SCV  
  18  1:28  SCV  
  19  1:45  SCV  
  20  1:52  Reaper  
  21  1:57  Orbital Command  
  21  2:06  Command Center  
  21  2:17  Factory  
  21  2:21  Refinery  
  21  2:24  SCV  
  22  2:30  Barracks Reactor  
  22  2:38  SCV  
  22  2:39  Supply Depot  
  23  3:01  SCV  
  23  3:03  Starport  
  24  3:12  Hellion x2  
  28  3:13  SCV  
  28  3:15  Barracks Tech Lab  
  28  3:19  Orbital Command  
  29  3:25  SCV  
  29  3:36  Hellion  
  29  3:37  SCV  
  29  3:38  Hellion  
  34  3:43  Stimpack  
  34  3:48  Viking  
  34  3:51  SCV  
  34  3:52  SCV  
  38  4:03  Hellion x2  
  38  4:04  SCV  
  38  4:07  SCV  
  44  4:16  SCV, Supply Depot  
  45  4:19  SCV  
  46  4:37  Widow Mine x2, Medivac, SCV x2  
  54  4:41  Bunker, Engineering Bay, Supply Depot  
  54  5:01  Command Center  
  54  5:02  Marine, SCV x2  
  57  5:15  SCV x2  
  59  5:23  Marine  
  59  5:26  Engineering Bay  
  59  5:27  SCV x2  
  60  5:28  Engineering Bay  
  60  5:29  Refinery  
  60  5:30  Refinery  
  60  5:33  Factory Tech Lab, Barracks x2  
  60  5:39  SCV x2  
  62  5:43  Supply Depot  
  62  5:52  Combat Shields  
  62  5:54  Terran Infantry Armor Level 1, Terran Infantry Weapons Level 1  
  62  6:05  Marauder, SCV x2  
  66  6:17  SCV x2  
  63  6:22  Barracks Tech Lab, Barracks Reactor  
  63  6:25  Orbital Command, Barracks x2  
  62  6:29  SCV x2  
  62  6:31  Marine  
  55  6:36  Siege Tank  
  55  6:37  Medivac x2  
  62  6:41  SCV x2  
  62  6:44  Marauder  
  66  6:51  SCV, Supply Depot  
  66  6:53  SCV  
  68  6:55  Marauder  
  68  6:59  Concussive Shells, Marine  
  68  7:00  Marine  
  72  7:07  Orbital Command  
  74  7:08  Marauder  
  74  7:14  Barracks Reactor  
  74  7:19  SCV x2  
  74  7:20  Barracks Reactor  
  76  7:24  Marine x2, Marauder  
  76  7:29  Armory  
  80  7:31  SCV, Barracks  
  80  7:32  Barracks  
  80  7:33  Barracks  
  80  7:34  Marauder, SCV  
  80  7:35  SCV  
  85  7:43  SCV, Supply Depot  
  86  7:44  Marine x2  
  86  7:46  SCV, Supply Depot  
  86  7:47  Marauder, SCV  
  92  7:52  Marine  
  93  7:59  Supply Depot  
  93  8:00  Supply Depot  
  93  8:04  Marine x5  
  93  8:05  Marauder, SCV  
  101  8:15  Terran Infantry Armor Level 2  
  101  8:16  Marauder  
  101  8:17  Medivac  
  108  8:20  Medivac  
  108  8:21  Refinery  
  108  8:22  Factory, Refinery  
  108  8:23  Supply Depot  
  108  8:25  Supply Depot  
  107  8:28  Terran Infantry Weapons Level 2  
  107  8:30  Marine, Barracks Reactor x3  
  107  8:31  Marine x5  
  113  8:47  Marine  
  113  8:48  Marine  
  107  8:49  Medivac, Siege Tank  
  111  9:02  Marine  
  109  9:06  Marauder  
  112  9:11  Medivac, Marine x5, Factory Tech Lab  
  112  9:12  Marine x2, Marauder  
  123  9:20  Marine  
  123  9:23  Marine x4  
  128  9:25  Terran Vehicle Weapons Level 1  
  128  9:27  Marauder, Supply Depot  
  128  9:28  Siege Tank, Supply Depot  
  128  9:29  Marine  
  134  9:34  Marauder, Marine x3, Hellion  
  141  9:48  Marine x9, Supply Depot  
  141  9:50  Marauder  
  146  9:55  Marauder  
  134  10:10  Marine  
  134  10:11  Marauder  
  134  10:13  Siege Tank x2  
  139  10:14  Medivac x2  
  139  10:15  Marine x11  
  139  10:16  Marauder  
  156  10:24  Command Center  
  156  10:28  Marine  
  156  10:31  Command Center  
  156  10:32  Marauder  
  156  10:34  Marine x6  
  165  10:46  Terran Infantry Armor Level 3, Terran Infantry Weapons Level 3  
  165  11:09  Zerg Melee Weapons Level 3, Zerg Missile Weapons Level 3, Zerg Flyer Armor Level 3, Protoss Ground Weapons Level 3, Terran Ship Armor Level 3, Protoss Shields Level 3, Zerg Flyer Weapons Level 3, Terran Vehicle Armor Level 3, Terran Vehicle Weapons Level 3, Terran Ship Weapons Level 3, Protoss Air Armor Level 3, Terran Infantry Armor Level 3, Zerg Ground Armor Level 3, Protoss Air Weapons Level 3, Protoss Ground Armor Level 3, Terran Infantry Weapons Level 3  
  165  11:25  Terran Vehicle Weapons Level 2  
  165  11:28  Supply Depot x2  
  165  11:30  Protoss Air Weapons Level 2, Terran Ship Armor Level 2, Protoss Shields Level 2, Terran Infantry Weapons Level 2, Zerg Missile Weapons Level 2, Zerg Melee Weapons Level 2, Zerg Ground Armor Level 2, Protoss Ground Armor Level 2, Terran Ship Weapons Level 2, Zerg Flyer Armor Level 2, Protoss Ground Weapons Level 2, Zerg Flyer Weapons Level 2, Terran Vehicle Armor Level 2, Terran Vehicle Weapons Level 2, Protoss Air Armor Level 2, Terran Infantry Armor Level 2  
  165  11:35  Marine x8, Medivac, Siege Tank  
  165  11:36  Marauder  
  180  11:43  Marine x4, Marauder, Siege Tank  
  180  11:45  Blink, Stimpack  
  189  11:52  Zerg Flyer Armor Level 1, Terran Ship Armor Level 1, Protoss Air Weapons Level 1, Protoss Ground Armor Level 1, Zerg Ground Armor Level 1, Zerg Melee Weapons Level 1, Terran Ship Weapons Level 1, Zerg Flyer Weapons Level 1, Terran Infantry Weapons Level 1, Terran Infantry Armor Level 1, Protoss Shields Level 1, Protoss Ground Weapons Level 1, Terran Vehicle Armor Level 1, Protoss Air Armor Level 1, Zerg Missile Weapons Level 1, Warp Gate, Terran Vehicle Weapons Level 1  
  189  11:53  Marine  
  147  12:02  Marine  
  147  12:03  Marine x5  
  147  12:06  Charge, Building Armor, Extended Thermal Lance, Resonating Glaives  
  147  12:07  Marine, Marauder  
  147  12:08  Siege Tank  
  151  12:09  Medivac x2  
  151  12:13  Marine, Adrenal Glands, Ventral Sacs  
  151  12:15  Siege Tank  
  159  12:16  Marine  
  159  12:19  Enduring Locusts  
  159  12:20  Personal Cloaking  
  160  12:24  Marine x8  
  160  12:26  Psionic Storm  
  160  12:27  Neosteel Frame, Centrifical Hooks, Glial Reconstitution, Chitinous Plating, Cloaking Field, Tunneling Claws, Metabolic Boost, Corvid Reactor, Combat Shields, Infernal Pre-Igniter, Neural Parasite, Durable Materials  
  167  12:35  Burrow, Marine x6, Muscular Augments x2  
  164  12:40  Siege Tank  
  164  12:41  Medivac, Marine  
  164  12:42  Marine x4  
  167  12:47  Siege Tank  
  167  12:48  Marine x3  
  167  12:49  Graviton Catapult, Gravitic Drive, Moebius Reactor, Observer Gravitic Boosters, Pathogen Glands, Hi-Sec Auto Tracking, Behemoth Reactor, Caduceus Reactor  
  170  12:52  Marine  
  171  12:58  Marine x4  
  171  12:59  Marine x2  
  171  13:03  Concussive Shells, Weapon Refit, Pneumatized Carapace  
  175  13:09  Marine x4  
  175  13:10  Marine  
  175  13:12  Siege Tank  
  184  13:24  Marine  
  171  13:37  Orbital Command  
  171  13:46  Unknown x5  
    13:50  SCV x12  
  12  14:03  SCV  
  13  14:15  SCV  
  14  14:20  Supply Depot  
  14  14:27  SCV  
  15  14:41  SCV  
  15  14:43  Barracks  
  16  14:53  SCV  
  17  15:06  SCV  
  18  15:18  SCV  
  19  15:30  Marine, Orbital Command  
  20  15:38  Command Center  
  20  15:50  Marine, Supply Depot  
  20  15:55  SCV  
  21  16:08  Marine, SCV  
  23  16:14  Barracks  
  23  16:16  Barracks  
  23  16:20  SCV  
  24  16:29  Marine  
  24  16:32  SCV  
  26  16:41  Refinery x2  
  26  16:44  SCV  
  26  16:46  Marine  
  27  16:52  Orbital Command  
  28  16:56  SCV  
  30  17:08  SCV  
  30  17:12  Marine x2  
  30  17:14  Barracks Tech Lab  
  32  17:19  SCV  
  32  17:20  SCV  
  34  17:31  SCV  
  34  17:32  SCV  
  34  17:33  Marine x2  
  34  17:34  Stimpack, Marine  
  39  17:41  Supply Depot  
  39  17:43  SCV  
  40  17:44  SCV  
  40  17:46  Bunker  
  41  17:54  Marine  
  41  17:55  Marine x2, SCV  
  41  17:56  SCV  
  46  17:58  Factory  
  46  18:08  SCV, Supply Depot  
  46  18:09  SCV  
  48  18:13  Marine x2  
  48  18:14  Marine  
  51  18:20  SCV  
  51  18:21  SCV  
  51  18:25  Refinery  
  53  18:28  Refinery  
  53  18:29  Engineering Bay  
  53  18:31  Engineering Bay  
  53  18:32  SCV  
  53  18:33  SCV  
  55  18:44  SCV  
  55  18:45  SCV  
  55  18:48  Supply Depot  
  57  18:51  Factory Reactor  
  57  18:52  Starport  
  57  19:09  SCV x2  
  59  19:15  Supply Depot  
  59  19:16  Supply Depot  
  59  19:17  Marine x3  
  59  19:19  Terran Infantry Armor Level 1, Terran Infantry Weapons Level 1  
  62  19:26  Command Center  
  62  19:37  Combat Shields, SCV x2  
  64  19:38  Barracks Reactor  
  64  19:44  Barracks Reactor  
  64  19:49  Factory Reactor, SCV x2  
  64  19:50  Medivac x2  
  64  19:51  Marine  
  71  20:01  SCV x2  
  73  20:13  SCV, Barracks x2  
  73  20:14  Marine  
  74  20:19  Marine  
  74  20:20  Medivac  
  78  20:35  Widow Mine x2  
  78  20:36  Marine x3, SCV  
  78  20:37  Medivac  
  88  20:44  SCV  
  88  20:47  Marine  
  88  20:48  Orbital Command, SCV  
  91  20:56  SCV  
  90  21:00  SCV  
  90  21:01  Barracks Tech Lab x2  
  90  21:02  Marine x2, Marauder  
  93  21:08  SCV  
  93  21:10  Marine x2  
  90  21:11  Widow Mine x2, Medivac x2  
  90  21:12  SCV  
  99  21:24  Marauder  
  101  21:30  Armory  
  101  21:32  Supply Depot  
  101  21:33  Supply Depot  
  101  21:47  Supply Depot  
  101  21:49  Concussive Shells, Marine  
  101  21:51  Marine  
  101  21:52  Marauder, Marine  
  101  21:53  Widow Mine x2, Medivac  
  101  21:54  Marauder, Orbital Command  
  108  21:55  Medivac  
  106  22:02  Marine, Marauder  
  106  22:05  Supply Depot  
  106  22:07  Marine  
  107  22:11  Marine  
  107  22:13  Marauder  
  107  22:15  Marauder  
  111  22:19  SCV x2  
  113  22:24  Barracks  
  113  22:26  Barracks x2  
  112  22:30  Marine x4, Marauder  
  112  22:31  Terran Infantry Weapons Level 2, Terran Infantry Armor Level 2  
  115  22:38  Factory, Factory Tech Lab  
  115  22:42  Marine, Marauder  
  116  22:44  Factory  
  116  22:58  Marine x4, Marauder  
  120  23:00  Marauder  
  120  23:01  SCV x3  
  120  23:02  Refinery  
  120  23:03  Refinery  
  120  23:04  Siege Tank, Supply Depot  
  120  23:05  Supply Depot  
  130  23:06  Medivac  
  132  23:15  Barracks Tech Lab, Barracks Reactor x2, Supply Depot  
  132  23:23  Medivac  
  129  23:33  Marine  
  129  23:34  Marauder  
  125  23:40  Marine  
  125  23:41  Marauder  
  122  23:43  Marine, Marauder  
  122  23:44  Marine, Marauder  
  122  23:48  Siege Tank  
  121  23:51  Marine  
  121  23:55  Marauder  
  120  23:57  Marine  
  120  24:00  Marine  
  120  24:02  Marauder, Marine  
  106  24:03  Marine  
  106  24:05  Marauder  
  106  24:06  Marauder  
  106  24:08  Marine  
  106  24:10  SCV x2  
  106  24:11  Factory Tech Lab x2  
  106  24:16  Marauder  
  103  24:21  SCV  
  103  24:22  SCV x2  
  103  24:24  Marauder  
  103  24:26  Marauder  
  103  24:27  Marauder  
  105  24:33  SCV  
  105  24:34  SCV x2  
  108  24:46  SCV x2  
  108  24:47  Marine x4, Marauder x3  
  108  24:48  Marine, Marauder, Barracks Reactor  
  108  24:50  Terran Infantry Weapons Level 3  
  119  25:02  Siege Tank x2  
  119  25:03  Siege Tank  
  119  25:07  Marine x5  
  128  25:08  Marauder  
  128  25:09  Marauder x2  
  139  25:16  Marine x2  
  139  25:19  Terran Infantry Armor Level 3  
  141  25:24  Marine  
  141  25:25  Marine  
  143  25:40  Marine x6, Marauder x3  
  143  25:41  Marauder  
  157  26:14  Marine  
  157  26:15  Marine  
  157  26:16  Marine x2  
  157  26:17  Marine x2  
  157  26:18  Marine x2  
  157  26:19  Siege Tank x2  
  157  26:20  Marine, Marauder x3  
  139  26:32  Marine  
  132  26:33  Marine  
  132  26:34  Marine x2  
  128  26:41  Marauder  
  128  26:44  Marine x5, Marauder  
  129  26:50  Marine  
  129  26:51  Marine  
  129  26:52  Marine x2, Siege Tank x2  
  129  26:53  Siege Tank  
  131  26:54  Medivac  
  131  26:55  Medivac  
  129  27:07  Marine x3, Marauder x2  
  135  27:11  Marauder  
  134  27:16  Marauder  
  136  27:28  Marauder  
  131  27:30  Marine  
  131  27:31  Marauder  
  130  27:38  Marine x3  
  130  27:39  Marauder  
  113  27:44  Marine x2  
  113  27:45  Marine  
  107  28:01  Marine  
  107  28:02  Marine x3, Marauder  
  110  28:17  Siege Tank x2  
  114  28:30  Orbital Command  
  109  28:38  Marine x6, Marauder  
  109  28:39  Marauder, Marine  
  118  28:44  Marauder  
  118  28:45  Marine  
  121  28:52  Siege Tank  
  121  28:53  Factory Tech Lab  
  113  29:26  Marine  
  113  29:27  Marauder x2, Marine x9  
  121  29:37  Widow Mine  
  123  29:41  Missile Turret  
  123  29:44  Marine x2  
  123  29:45  Marauder  
  127  29:55  Siege Tank x2  
  130  30:06  Widow Mine  
  124  30:10  Marine x5  
  124  30:11  Marauder, Marine  
  124  30:12  Marine  
  116  30:27  Siege Tank  
  116  30:28  Marine x5  
  100  30:47  Orbital Command  
  95  30:54  Orbital Command  
  80  31:25  Orbital Command  
  80  31:52  Marine, Missile Turret  
  81  32:06  Marine  
  81  32:07  Marine x3  
  85  32:08  Missile Turret  
  66  32:41  Orbital Command x2  
  61  32:46  Marine x5  
  61  32:48  Cyclone  
  69  32:51  SCV  
  70  33:03  Marine  
  70  33:04  Marine  
  72  33:11  Marine  
  72  33:12  Marine  
  67  33:15  Marine  
  32  33:49  Marine x3  
  32  33:50  Marine  
  36  34:02  Marine  
Show
View Real Time Build Order
Export as new Build Order

FinalFury Zerg 

Build Orders: Hatch First 

Get SALT Encoding   

  1  0:00  Drone x12, Hive, Overlord  
  12  0:14  Drone  
  12  0:21  Drone  
  14  0:29  Overlord  
  14  0:48  Drone x3  
  17  1:06  Hatchery  
  17  1:10  Drone  
  17  1:24  Spawning Pool  
  16  1:29  Drone  
  17  1:33  Drone, Extractor  
  17  1:37  Drone  
  18  1:44  Drone  
  19  1:54  Drone  
  19  2:05  Drone  
  20  2:11  Queen  
  22  2:16  Overlord  
  22  2:19  Queen  
  22  2:20  Zergling x2  
  25  2:28  Zergling x2  
  26  2:31  Drone  
  26  2:35  Metabolic Boost  
  27  2:37  Drone  
  27  2:40  Drone  
  29  2:51  Drone  
  29  2:52  Drone  
  29  2:56  Queen  
  33  3:01  Drone x2  
  33  3:05  Extractor  
  34  3:10  Queen  
  37  3:20  Overlord  
  37  3:42  Drone x2  
  37  3:43  Drone x2  
  37  3:48  Drone x2  
  43  3:50  Hatchery  
  43  3:52  Pneumatized Carapace  
  42  3:58  Drone x2  
  44  4:05  Roach Warren  
  44  4:07  Extractor  
  42  4:12  Evolution Chamber, Drone  
  42  4:14  Evolution Chamber  
  41  4:22  Zergling x6  
  44  4:24  Overlord  
  44  4:37  Overlord  
  44  4:38  Zerg Melee Weapons Level 1  
  44  4:42  Overlord x2  
  44  4:44  Drone x3  
  47  4:46  Drone  
  47  4:49  Roach  
  50  5:08  Roach x3  
  50  5:12  Drone x5  
  61  5:25  Drone x5  
  61  5:27  Queen  
  68  5:31  Roach x2  
  68  5:33  Drone x2  
  74  5:37  Zerg Ground Armor Level 1  
  74  5:47  Extractor  
  74  5:48  Lair  
  73  5:59  Overlord  
  73  6:00  Drone  
  67  6:21  Spore Crawler  
  66  6:32  Drone x2  
  67  6:33  Drone x7  
  67  6:37  Spore Crawler  
  73  6:43  Drone x2  
  73  6:44  Drone  
  73  6:46  Drone  
  78  6:47  Drone  
  78  6:48  Glial Reconstitution  
  78  6:50  Zerg Melee Weapons Level 2  
  78  6:54  Baneling Nest  
  78  7:01  Drone x3  
  80  7:06  Zergling x4, Extractor  
  80  7:07  Zergling x2  
  82  7:12  Overlord x3  
  82  7:22  Overlord  
  82  7:23  Overlord  
  82  7:24  Overlord  
  82  7:36  Overlord x2  
  82  7:38  Drone x3  
  82  7:41  Zerg Ground Armor Level 2  
  85  7:48  Zergling x2  
  85  7:49  Centrifical Hooks, Zergling x18  
  95  7:57  Zergling x2  
  96  7:59  Overlord  
  96  8:00  Hatchery  
  94  8:06  Zergling x2  
  94  8:07  Zergling x18  
  94  8:09  Drone  
  105  8:14  Drone  
  105  8:18  Drone  
  107  8:22  Drone  
  107  8:24  Drone  
  109  8:30  Drone  
  109  8:31  Overlord, Spore Crawler  
  109  8:34  Baneling x4  
  109  8:35  Baneling x3  
  96  8:55  Drone x3  
  95  8:58  Drone  
  95  9:01  Ravager x2  
  95  9:09  Drone  
  96  9:10  Queen x3  
  102  9:18  Extractor x2  
  102  9:22  Infestation Pit  
  102  9:23  Zergling x2  
  102  9:24  Zergling x28  
  112  9:29  Roach x2  
  112  9:30  Roach  
  120  9:32  Roach x3  
  126  9:43  Spore Crawler  
  126  9:44  Zergling x10  
  117  10:16  Drone x3  
  117  10:17  Drone x3  
  123  10:21  Hive  
  123  10:24  Queen x3  
  123  10:28  Ravager x6  
  135  10:30  Overseer x2  
  135  10:31  Zergling x2  
  135  10:32  Zergling x24  
  135  10:33  Drone x6  
  154  10:37  Overlord  
  154  10:44  Drone  
  154  10:45  Drone x2  
  156  10:59  Queen  
  156  11:04  Overlord  
  157  11:07  Pathogen Glands  
  157  11:09  Burrow, Zerg Melee Weapons Level 3, Zerg Missile Weapons Level 3, Zerg Flyer Armor Level 3, Protoss Ground Weapons Level 3, Terran Ship Armor Level 3, Protoss Shields Level 3, Zerg Flyer Weapons Level 3, Terran Vehicle Armor Level 3, Terran Vehicle Weapons Level 3, Terran Ship Weapons Level 3, Protoss Air Armor Level 3, Terran Infantry Armor Level 3, Zerg Ground Armor Level 3, Protoss Air Weapons Level 3, Protoss Ground Armor Level 3, Terran Infantry Weapons Level 3  
  157  11:24  Overlord  
  157  11:30  Protoss Air Weapons Level 2, Terran Ship Armor Level 2, Protoss Shields Level 2, Terran Infantry Weapons Level 2, Zerg Missile Weapons Level 2, Zerg Melee Weapons Level 2, Zerg Ground Armor Level 2, Protoss Ground Armor Level 2, Terran Ship Weapons Level 2, Zergling x4, Zerg Flyer Armor Level 2, Protoss Ground Weapons Level 2, Zerg Flyer Weapons Level 2, Terran Vehicle Armor Level 2, Terran Vehicle Weapons Level 2, Protoss Air Armor Level 2, Terran Infantry Armor Level 2  
  157  11:31  Zergling x32  
  174  11:37  Adrenal Glands  
  174  11:39  Ultralisk Cavern  
  173  11:42  Baneling  
  173  11:43  Baneling x7  
  173  11:45  Blink, Stimpack  
  173  11:52  Zerg Flyer Armor Level 1, Terran Ship Armor Level 1, Protoss Air Weapons Level 1, Protoss Ground Armor Level 1, Zerg Ground Armor Level 1, Zerg Melee Weapons Level 1, Terran Ship Weapons Level 1, Zerg Flyer Weapons Level 1, Terran Infantry Weapons Level 1, Terran Infantry Armor Level 1, Protoss Shields Level 1, Protoss Ground Weapons Level 1, Terran Vehicle Armor Level 1, Protoss Air Armor Level 1, Zerg Missile Weapons Level 1, Warp Gate, Terran Vehicle Weapons Level 1  
  134  12:06  Building Armor, Charge, Zergling x32, Extended Thermal Lance, Resonating Glaives  
  134  12:07  Zergling x10  
  140  12:13  Adrenal Glands, Ventral Sacs  
  130  12:16  Zergling x4  
  130  12:19  Enduring Locusts  
  130  12:20  Personal Cloaking  
  132  12:26  Psionic Storm  
  132  12:27  Neosteel Frame, Centrifical Hooks, Glial Reconstitution, Chitinous Plating, Cloaking Field, Tunneling Claws, Metabolic Boost, Hatchery, Corvid Reactor, Combat Shields, Infernal Pre-Igniter, Neural Parasite, Durable Materials  
  127  12:33  Zergling x26  
  127  12:35  Burrow, Muscular Augments x2  
  119  12:44  Zergling x8  
  110  12:49  Graviton Catapult, Gravitic Drive, Moebius Reactor, Observer Gravitic Boosters, Pathogen Glands, Hi-Sec Auto Tracking, Behemoth Reactor, Caduceus Reactor  
  101  12:51  Hive  
  101  12:52  Baneling x5  
  101  12:53  Baneling x3  
  101  12:54  Baneling  
  100  12:59  Zergling x20  
  100  13:00  Zergling x2  
  100  13:03  Concussive Shells, Weapon Refit, Pneumatized Carapace  
  108  13:13  Drone x4  
  112  13:20  Zergling x18  
  86  13:44  Overlord  
  86  13:46  Unknown x5  
    13:50  Drone x12  
  12  14:04  Drone  
  13  14:15  Overlord  
  13  14:22  Drone  
  14  14:34  Drone x2  
  17  14:38  Drone  
  17  14:56  Hatchery  
  17  14:58  Drone  
  17  15:12  Spawning Pool  
  16  15:15  Extractor  
  16  15:17  Drone  
  16  15:23  Drone  
  16  15:25  Drone  
  18  15:31  Drone  
  19  15:43  Drone  
  20  15:53  Overlord  
  20  16:01  Queen  
  22  16:08  Queen  
  22  16:09  Drone, Zergling x2  
  26  16:14  Zergling x2  
  26  16:17  Metabolic Boost  
  27  16:22  Drone  
  28  16:26  Drone  
  28  16:32  Drone  
  30  16:37  Queen  
  32  16:47  Queen  
  32  16:52  Overlord  
  34  16:56  Drone  
  34  16:59  Drone  
  36  17:10  Drone  
  36  17:11  Roach Warren, Drone  
  36  17:12  Drone  
  36  17:15  Drone  
  39  17:19  Drone  
  39  17:21  Drone  
  41  17:29  Pneumatized Carapace  
  41  17:30  Drone  
  41  17:35  Drone  
  41  17:36  Drone  
  43  17:45  Overlord  
  43  18:01  Overlord  
  43  18:05  Overlord, Hatchery  
  43  18:10  Roach x4  
  50  18:16  Drone  
  50  18:18  Evolution Chamber  
  50  18:19  Drone  
  51  18:20  Evolution Chamber  
  51  18:23  Drone  
  51  18:24  Drone x2  
  51  18:26  Roach  
  57  18:34  Roach x3  
  57  18:38  Drone x2  
  57  18:39  Drone  
  64  18:41  Extractor  
  64  18:47  Roach  
  65  18:49  Drone  
  65  18:52  Drone  
  65  18:53  Overlord  
  67  18:58  Zerg Missile Weapons Level 1  
  67  18:59  Overlord  
  67  19:02  Extractor  
  66  19:07  Drone  
  66  19:08  Overlord x2  
  67  19:19  Roach x3  
  67  19:20  Roach  
  67  19:21  Drone  
  76  19:25  Drone x3  
  76  19:28  Queen  
  76  19:31  Drone x2  
  83  19:32  Drone  
  83  19:37  Lair  
  84  19:41  Drone  
  84  19:42  Spore Crawler  
  85  19:45  Drone x2  
  85  19:46  Extractor  
  85  19:51  Roach x2  
  89  19:53  Roach  
  91  20:05  Overlord  
  91  20:06  Overlord  
  91  20:08  Zerg Ground Armor Level 1, Drone x3  
  91  20:09  Drone  
  95  20:17  Drone x2  
  95  20:18  Overlord  
  97  20:24  Roach x4  
  105  20:28  Roach x2  
  109  20:38  Glial Reconstitution  
  109  20:40  Roach x2  
  109  20:41  Roach x3  
  119  21:16  Overlord  
  119  21:18  Zerg Missile Weapons Level 2  
  119  21:21  Infestation Pit  
  119  21:22  Roach x5  
  119  21:23  Drone  
  119  21:24  Overlord  
  129  21:26  Extractor  
  129  21:27  Extractor  
  129  21:32  Overlord x2  
  127  21:53  Overlord  
  127  21:57  Overlord  
  127  22:06  Drone x11  
  132  22:11  Overseer x2  
  131  22:24  Drone  
  131  22:25  Drone x6  
  136  22:34  Zerg Ground Armor Level 2  
  136  22:36  Pathogen Glands  
  135  22:40  Drone  
  136  22:47  Drone  
  137  22:51  Hatchery  
  136  23:03  Roach x7  
  151  23:12  Drone  
  151  23:13  Drone  
  141  23:44  Queen x3  
  130  24:02  Roach x13  
  131  24:22  Drone x3  
  122  24:28  Overseer  
  109  24:37  Drone  
  109  24:38  Drone x6  
  116  24:39  Hatchery  
  115  24:46  Burrow, Hive  
  115  25:00  Overlord x4  
  115  25:01  Overlord x2  
  115  25:07  Overlord x3  
  115  25:21  Infestor x7  
  115  25:22  Infestor  
  115  25:24  Roach x2  
  135  25:32  Overseer  
  135  25:34  Roach  
  135  25:35  Roach x2  
  141  25:38  Roach  
  141  25:41  Ravager x2  
  141  25:42  Ravager x2  
  147  25:44  Roach x4  
  147  25:49  Roach x3  
  161  25:54  Roach x3  
  166  25:58  Roach  
  166  26:00  Zergling x2  
  169  26:16  Hatchery  
  114  26:26  Roach  
  114  26:27  Roach x12  
  123  26:38  Roach x2  
  123  26:39  Roach  
  107  26:56  Roach x6  
  115  27:15  Roach x6  
  123  27:16  Ravager x3  
  123  27:17  Ravager x3  
  121  27:32  Roach  
  121  27:33  Roach x5  
  119  27:45  Roach x5  
  129  27:55  Roach x5  
  123  28:06  Roach x2  
  127  28:24  Hatchery  
  118  28:37  Drone x7  
  119  28:42  Infestor  
  121  28:52  Ravager  
  121  28:54  Ravager x2  
  121  28:55  Infestor  
  118  29:28  Roach x8  
  125  29:39  Roach x3  
  131  29:48  Overseer  
  125  30:01  Roach x4  
  70  30:52  Roach x3  
  66  32:07  Ravager  
  66  32:08  Ravager x2  
Tags
 
Composition
MMM Bio
Matchup
TvZ
Player
nathanias
Spawn Locations
Cross Positions
Add a new tag
Caveats
  • Supply blocks, unpowered buildings, or Contaminate may cause inaccurate times.
  • Supply counts are checked every 10 seconds.